Rafales vs Influenza
(R1)
Created - October 18, 2018 at 21:42
Goals
|
| Rafales |
2 |
0 |
0 |
2 |
| Influenza |
0 |
2 |
1 |
3 |
|
Shots
|
| Rafales |
8 |
14 |
10 |
32 |
| Influenza |
8 |
18 |
1 |
27 |
|
1st period
1. Rafales , Cody McLeod 4 (Milan Bartovic 2) at 9:28 (PP)
2. Rafales , Mike Zigomanis 2 (Milan Bartovic 3) at 15:46
Penalties :
Johan Larsson (VJB) for Hooking (Minor) at 1:33, Mark Olver (VJB) for Hooking (Minor) at 9:17
2nd period
3. Influenza , T.J Galiardi 1 (Beau Bennett 2, Calvin de Haan 2) at 1:23 (PP)
4. Influenza , Beau Bennett 4 (T.J Galiardi 2, Mathieu Carle 4) at 1:50 (PP)
Penalties :
Mike Zigomanis (Stf) for Tripping (Minor) at 1:09, Matt Gilroy (Stf) for Tripping (Minor) at 1:26, Milan Bartovic (Stf) for Roughing (Double Minor) at 2:53, James Marcou (Stf) for Holding (Minor) at 10:11, Milan Bartovic (Stf) for Tripping (Minor) at 15:08, Michael Bournival (Stf) for Hooking (Minor) at 19:28
3rd period
5. Influenza , Beau Bennett 5 (Calvin de Haan 3, Jordan Schroeder 2) at 19:47
Penalties :
Beau Bennett (VJB) for Holding (Minor) at 2:26, Paul Ladue (VJB) for Interference (Minor) at 6:08, Mathieu Carle (VJB) for Interference (Minor) at 12:56
Goalie Stats
Leland Irving (Stf), 24 saves from 27 shots - (0.889), L, 1-1-0, 59:53 minutes
Jeremy Duchesne (VJB), 30 saves from 32 shots - (0.938), W, 2-1-0, 60:00 minutes
Players Stats for Rafales
Player Name G A P +/- PIM S H SB GA TA FO MP PP MP PK MP
------------------------------------------------------------------------------------
Brian Ferlin 0 0 0 0 0 4 2 0 0 0 1/1 14:16 3:40 0:00
Bruno Gervais 0 0 0 0 0 1 2 3 0 0 0/0 28:35 4:17 6:37
Carl Klingberg 0 0 0 0 0 5 3 1 0 0 0/2 14:49 0:02 3:48
Cedric Paquette 0 0 0 0 0 0 0 0 0 0 3/3 8:55 0:00 1:05
Chris Terry 0 0 0 0 0 0 0 0 1 0 1/3 10:02 0:00 1:26
Cody McLeod 1 0 1 0 0 6 1 0 1 0 2/2 23:35 4:12 6:00
Connor Murphy 0 0 0 0 0 0 0 1 0 1 0/0 19:57 3:50 3:17
Dylan McIlrath 0 0 0 0 0 0 1 0 0 0 0/0 11:52 0:00 1:04
James Marcou 0 0 0 0 2 1 0 0 0 0 0/0 7:03 0:02 0:00
Julian Melchiori 0 0 0 0 0 2 0 2 0 0 0/0 11:28 0:00 0:40
Kevin Veilleux 0 0 0 0 0 0 0 0 0 0 2/3 7:00 0:00 0:00
Mark Fayne 0 0 0 0 0 0 0 1 1 1 0/0 19:57 3:50 3:17
Matt Gilroy 0 0 0 0 2 2 4 1 0 2 0/0 28:10 4:17 6:13
Michael Bournival 0 0 0 0 2 4 0 0 0 0 1/1 17:35 3:40 3:01
Mike Zigomanis 1 0 1 0 2 4 1 0 0 0 18/35 23:41 4:25 5:48
Milan Bartovic 0 2 2 0 6 1 0 0 0 1 2/2 17:58 4:25 0:00
Nathan Davis 0 0 0 0 0 1 0 0 1 0 3/8 14:02 3:40 0:00
Tim Crowder 0 0 0 0 0 1 0 0 0 0 1/1 10:25 0:15 0:00
Players Stats for Influenza
Player Name G A P +/- PIM S H SB GA TA FO MP PP MP PK MP
------------------------------------------------------------------------------------
Anthony Mantha 0 0 0 0 0 1 1 0 0 1 0/1 8:09 0:00 0:00
Beau Bennett 2 1 3 1 2 5 2 0 0 0 2/2 20:24 5:55 1:49
Calvin de Haan 0 2 2 1 0 2 3 4 1 0 0/0 27:23 6:21 4:41
Charlie Coyle 0 0 0 0 0 2 2 0 1 0 16/30 22:05 6:01 4:00
Dmitry Sinitsyn 0 0 0 -1 0 0 0 1 0 0 0/0 11:49 0:32 0:00
Iiro Pakarinen 0 0 0 -1 0 2 4 0 0 0 0/0 16:09 3:57 0:00
Jake Guentzel 0 0 0 -1 0 1 1 0 0 0 3/9 12:58 0:33 0:00
Jimmy Vesey 0 0 0 -1 0 0 4 0 0 0 0/0 16:16 3:57 0:07
Johan Larsson 0 0 0 0 2 0 0 0 0 0 0/0 9:41 0:18 1:08
Jordan Schroeder 0 1 1 1 0 0 2 0 0 1 1/5 9:31 0:33 0:25
Justin Bailey 0 0 0 0 0 0 1 0 0 0 0/0 8:48 0:32 0:00
Mark Olver 0 0 0 0 2 3 1 0 0 0 2/7 15:00 3:57 2:31
Mathieu Carle 0 1 1 1 2 2 0 0 0 0 0/0 26:24 6:21 3:45
Max Domi 0 0 0 1 0 3 1 0 1 0 0/0 10:20 0:00 1:59
Nikita Zadorov 0 0 0 -1 0 0 2 1 0 1 0/0 13:24 0:00 2:04
Paul Ladue 0 0 0 0 2 0 3 0 0 0 0/0 20:01 3:41 2:34
T.J Galiardi 1 1 2 0 0 5 2 0 1 0 3/7 22:25 5:59 4:15
Tim Erixon 0 0 0 0 0 1 0 0 1 1 0/0 21:01 4:13 3:10
3 Stars
1 - Beau Bennett (VJB)
2 - Calvin de Haan (VJB)
3 - T.J Galiardi (VJB)
Power Play
Rafales - 1 on 5 Attempt(s) - 20.00%
Influenza - 2 on 7 Attempt(s) - 28.57%
Penalty Kill
Rafales - 5 on 7 Attempt(s) - 71.43%
- Score 0 goal in Penalty Kill
Influenza - 4 on 5 Attempt(s) - 80.00%
- Score 0 goal in Penalty Kill
Team Stat
Rafales - Hits : 14 - Faceoff Wins : 34 - Blocked Shots : 9 - Penalty Minutes : 14
Influenza - Hits : 29 - Faceoff Wins : 27 - Blocked Shots : 6 - Penalty Minutes : 10
Official
Referees : Unknown
Linesman : Unknown
Game Notes
Kevin Veilleux is injured at 5:26 of 3rd period (Sprained Right Finger)
Finance
Level 1 -- Attendance: 1402 (70.10%) -- Ticket Income $56,080
Level 2 -- Attendance: 670 (67.00%) -- Ticket Income $13,400
Total Attendance: 2072 (69.07%)
Total Ticket Income: $69,480
Other Income: $3,474
Total Income: $72,954
Rafales
5 vs 5 Forward
Center Left Wing Right Wing Time % Phy DF OF
1 Mike Zigomanis Cody McLeod Milan Bartovic 40 1 2 2
2 Nathan Davis Michael Bournival Brian Ferlin 30 1 2 2
3 Kevin Veilleux Carl Klingberg Tim Crowder 20 1 2 2
4 Cedric Paquette Chris Terry James Marcou 10 1 2 2
5 vs 5 Defense
Defense Defense Time % Phy DF OF
1 Bruno Gervais Matt Gilroy 40 1 2 2
2 Mark Fayne Connor Murphy 30 1 2 2
3 Julian Melchiori Dylan McIlrath 20 1 2 2
4 Bruno Gervais Matt Gilroy 10 1 2 2
PowerPlay Forward
Center Left Wing Right Wing Time % Phy DF OF
1 Mike Zigomanis Cody McLeod Milan Bartovic 60 1 2 2
2 Nathan Davis Michael Bournival Brian Ferlin 40 1 2 2
PowerPlay Defense
Defense Defense Time % Phy DF OF
1 Bruno Gervais Matt Gilroy 60 1 2 2
2 Mark Fayne Connor Murphy 40 1 2 2
Penalty Kill 4 Players Forward
Center Wing Time % Phy DF OF
1 Mike Zigomanis Cody McLeod 60 1 2 2
2 Michael Bournival Carl Klingberg 40 1 2 2
Penalty Kill 4 Players Defense
Defense Defense Time % Phy DF OF
1 Bruno Gervais Matt Gilroy 60 1 2 2
2 Mark Fayne Connor Murphy 40 1 2 2
Penalty Kill - 3 Players Forward
Forward Time % Phy DF OF
1 Mike Zigomanis 60 1 2 2
2 Cody McLeod 40 1 2 2
Penalty Kill - 3 Players Defense
Defense Defense Time % Phy DF OF
1 Bruno Gervais Matt Gilroy 60 1 2 2
2 Mark Fayne Connor Murphy 40 1 2 2
4 vs 4 Forward
Center Wing Time % Phy DF OF
1 Mike Zigomanis Cody McLeod 60 1 2 2
2 Michael Bournival Carl Klingberg 40 1 2 2
4 vs 4 Defense
Defense Defense Time % Phy DF OF
1 Bruno Gervais Matt Gilroy 60 1 2 2
2 Mark Fayne Connor Murphy 40 1 2 2
Last Minutes Offensive
Center Left Wing Right Wing Defense Defense
Mike Zigomanis Cody McLeod Milan Bartovic Bruno Gervais Matt Gilroy
Last Minutes Defensive
Center Left Wing Right Wing Defense Defense
Mike Zigomanis Cody McLeod Milan Bartovic Bruno Gervais Matt Gilroy
Goaltenders
Starting : Leland Irving
Backup : Chris Driedger
Extra Forwards
Normal : Tim Crowder, Kevin Veilleux, Chris Terry - PP : Tim Crowder, Kevin Veilleux - PK : Chris Terry
Extra Defensemen
Normal : Julian Melchiori, Dylan McIlrath, Mark Fayne - PP : Julian Melchiori - PK : Dylan McIlrath, Mark Fayne
Penalty Shots
Mike Zigomanis, Cody McLeod, Michael Bournival, Carl Klingberg, Milan Bartovic
Scratches
Ben Sexton (Healthy), Ryan Bourque (Healthy), Ben Johnson (Healthy), Nicklas Jensen (Healthy), Jayson Megna (Healthy)
Slater Koekkoek (Healthy), Brad Ross (Healthy), Petr Kalus (Healthy), Ben Thomson (Healthy), Tyrell Goulbourne (Healthy)
David Broll (Healthy), Stefan Chaput (Healthy), Dennis Persson (Healthy), Akim Aliu (Healthy), Maksim Mayorov (Healthy)
Influenza
5 vs 5 Forward
Center Left Wing Right Wing Time % Phy DF OF
1 Charlie Coyle T.J Galiardi Beau Bennett 40 1 2 2
2 Jake Guentzel Jimmy Vesey Iiro Pakarinen 30 1 2 2
3 Mark Olver Max Domi Anthony Mantha 20 1 2 2
4 Jordan Schroeder Johan Larsson Justin Bailey 10 1 2 2
5 vs 5 Defense
Defense Defense Time % Phy DF OF
1 Mathieu Carle Calvin de Haan 40 1 2 2
2 Paul Ladue Tim Erixon 30 1 2 2
3 Dmitry Sinitsyn Nikita Zadorov 20 1 2 2
4 Mathieu Carle Calvin de Haan 10 1 2 2
PowerPlay Forward
Center Left Wing Right Wing Time % Phy DF OF
1 Charlie Coyle T.J Galiardi Beau Bennett 60 1 2 2
2 Mark Olver Jimmy Vesey Iiro Pakarinen 40 1 2 2
PowerPlay Defense
Defense Defense Time % Phy DF OF
1 Mathieu Carle Calvin de Haan 60 1 2 2
2 Paul Ladue Tim Erixon 40 1 2 2
Penalty Kill 4 Players Forward
Center Wing Time % Phy DF OF
1 T.J Galiardi Charlie Coyle 60 1 2 2
2 Beau Bennett Mark Olver 40 1 2 2
Penalty Kill 4 Players Defense
Defense Defense Time % Phy DF OF
1 Mathieu Carle Calvin de Haan 60 1 2 2
2 Paul Ladue Tim Erixon 40 1 2 2
Penalty Kill - 3 Players Forward
Forward Time % Phy DF OF
1 T.J Galiardi 60 1 2 2
2 Charlie Coyle 40 1 2 2
Penalty Kill - 3 Players Defense
Defense Defense Time % Phy DF OF
1 Mathieu Carle Calvin de Haan 60 1 2 2
2 Paul Ladue Tim Erixon 40 1 2 2
4 vs 4 Forward
Center Wing Time % Phy DF OF
1 T.J Galiardi Charlie Coyle 60 1 2 2
2 Beau Bennett Mark Olver 40 1 2 2
4 vs 4 Defense
Defense Defense Time % Phy DF OF
1 Mathieu Carle Calvin de Haan 60 1 2 2
2 Paul Ladue Tim Erixon 40 1 2 2
Last Minutes Offensive
Center Left Wing Right Wing Defense Defense
Charlie Coyle T.J Galiardi Beau Bennett Mathieu Carle Calvin de Haan
Last Minutes Defensive
Center Left Wing Right Wing Defense Defense
Charlie Coyle T.J Galiardi Beau Bennett Mathieu Carle Calvin de Haan
Goaltenders
Starting : Jeremy Duchesne
Backup : Tyson Sexsmith
Extra Forwards
Normal : Jake Guentzel, Jordan Schroeder, Max Domi - PP : Jake Guentzel, Jordan Schroeder - PK : Max Domi
Extra Defensemen
Normal : Dmitry Sinitsyn, Nikita Zadorov, Paul Ladue - PP : Dmitry Sinitsyn - PK : Nikita Zadorov, Paul Ladue
Penalty Shots
T.J Galiardi, Charlie Coyle, Beau Bennett, Mark Olver, Jimmy Vesey
Scratches
Jacob Josefson (Healthy), Shane Prince (Healthy), Jamie Devane (Healthy), Jeff Corbett (Healthy), Joe Morrow (Healthy)
Henri Ikonen (Healthy), Fredric Larsson (Healthy), Tom Kuhnhackl (Healthy), Rocco Grimaldi (Healthy), Josh Andrerson (Healthy)
Matt Corrente (Healthy), Jesse Graham (Healthy), Nikita Gusev (Healthy), Jamie Phillips (Healthy)
% Time on Ice - Rafales
Lines # - Real PCT - Wanted PCT - Time Play
Normal Forward
1 - 34% - 40% - 13:52
2 - 27% - 30% - 10:55
3 - 24% - 20% - 9:45
4 - 16% - 10% - 6:35
Normal Defense
1 - 40% - 40% - 16:33
2 - 31% - 30% - 12:50
3 - 26% - 20% - 10:48
4 - 2% - 10% - 0:56
PP Forward
1 - 55% - 60% - 4:27
2 - 45% - 40% - 3:40
PP Defense
1 - 53% - 60% - 4:17
2 - 47% - 40% - 3:50
PK Forward
1 - 71% - 60% - 7:31
2 - 29% - 40% - 3:03
PK Defense
1 - 69% - 60% - 7:17
2 - 31% - 40% - 3:17
PK3 Forward
1 - 0% - 60%
2 - 0% - 40%
PK3 Defense
1 - 0% - 60%
2 - 0% - 40%
44 Forward
1 - 0% - 60%
2 - 0% - 40%
44 Defense
1 - 0% - 60%
2 - 0% - 40%
Last Minute Offensive - 0:12
Last Minute Defensive - 0:00
Total
Forward - 60:00
Defense - 60:00
|
% Time on Ice - Influenza
Lines # - Real PCT - Wanted PCT - Time Play
Normal Forward
1 - 29% - 40% - 11:59
2 - 31% - 30% - 12:43
3 - 20% - 20% - 8:09
4 - 20% - 10% - 8:16
Normal Defense
1 - 37% - 40% - 15:13
2 - 33% - 30% - 13:43
3 - 27% - 20% - 11:17
4 - 2% - 10% - 0:54
PP Forward
1 - 58% - 60% - 6:05
2 - 42% - 40% - 4:29
PP Defense
1 - 60% - 60% - 6:21
2 - 40% - 40% - 4:13
PK Forward
1 - 69% - 60% - 5:36
2 - 31% - 40% - 2:31
PK Defense
1 - 68% - 60% - 5:29
2 - 32% - 40% - 2:38
PK3 Forward
1 - 0% - 60%
2 - 0% - 40%
PK3 Defense
1 - 0% - 60%
2 - 0% - 40%
44 Forward
1 - 0% - 60%
2 - 0% - 40%
44 Defense
1 - 0% - 60%
2 - 0% - 40%
Last Minute Offensive - 0:00
Last Minute Defensive - 0:12
Total
Forward - 60:00
Defense - 60:00
|
Play by Play
1st period
0:01 of 1st period - Charlie Coyle wins face-off versus Mike Zigomanis in neutral zone.
0:31 of 1st period - Snap shot by Carl Klingberg.
0:31 of 1st period - Stopped by Jeremy Duchesne without a rebound.
0:32 of 1st period - Tim Crowder wins face-off versus Jake Guentzel in Influenza zone.
0:57 of 1st period - Tim Erixon is hit by Brian Ferlin and loses puck.
1:07 of 1st period - Slapshot by Tim Erixon.
1:07 of 1st period - Stopped by Leland Irving with a rebound.
1:33 of 1st period - Minor Penalty to Johan Larsson for Hooking.
1:34 of 1st period - Mike Zigomanis wins face-off versus T.J Galiardi in Influenza zone.
2:38 of 1st period - Cody McLeod is hit by T.J Galiardi and loses puck.
3:33 of 1st period - Penalty to Johan Larsson is over, Johan Larsson is back on ice.
3:55 of 1st period - Icing by Mark Fayne.
3:56 of 1st period - Cedric Paquette wins face-off versus Jordan Schroeder in Rafales zone.
4:03 of 1st period - Wrist shot by Michael Bournival.
4:03 of 1st period - Stopped by Jeremy Duchesne with a rebound.
4:09 of 1st period - Wrist shot by Michael Bournival.
4:09 of 1st period - Shot Blocked by Dmitry Sinitsyn.
4:19 of 1st period - Kevin Veilleux is hit by Nikita Zadorov and loses puck.
4:46 of 1st period - Snap shot by Beau Bennett.
4:46 of 1st period - Stopped by Leland Irving without a rebound.
4:47 of 1st period - Mike Zigomanis wins face-off versus Charlie Coyle in Rafales zone.
4:52 of 1st period - Milan Bartovic is hit by Beau Bennett and loses puck.
5:14 of 1st period - Mark Olver is hit by Dylan McIlrath and loses puck.
5:38 of 1st period - Jake Guentzel is hit by Matt Gilroy and loses puck.
5:47 of 1st period - Slapshot by Tim Crowder.
5:47 of 1st period - Shot Misses the Net.
6:03 of 1st period - Wrist shot by T.J Galiardi.
6:03 of 1st period - Shot Misses the Net.
6:05 of 1st period - Wrist shot by Charlie Coyle.
6:05 of 1st period - Shot Misses the Net.
6:42 of 1st period - Snap shot by Jordan Schroeder.
6:42 of 1st period - Shot Blocked by Julian Melchiori.
6:44 of 1st period - Wrist shot by Johan Larsson.
6:44 of 1st period - Shot Misses the Net.
6:56 of 1st period - Mike Zigomanis is hit by Justin Bailey.
7:08 of 1st period - Snap shot by Justin Bailey.
7:08 of 1st period - Shot Misses the Net.
7:12 of 1st period - Snap shot by Jordan Schroeder.
7:12 of 1st period - Shot Misses the Net.
7:14 of 1st period - Wrist shot by Jordan Schroeder.
7:14 of 1st period - Deflect By Justin Bailey.
7:14 of 1st period - Shot Hit the Post.
7:14 of 1st period - Puck is out of play.
7:15 of 1st period - Charlie Coyle wins face-off versus Nathan Davis in Rafales zone.
7:40 of 1st period - Iiro Pakarinen is hit by Carl Klingberg.
8:06 of 1st period - Snap shot by Mark Olver.
8:06 of 1st period - Stopped by Leland Irving with a rebound.
8:08 of 1st period - Snap shot by Max Domi.
8:08 of 1st period - Shot Blocked by Bruno Gervais.
8:42 of 1st period - Wrist shot by Tim Crowder.
8:42 of 1st period - Stopped by Jeremy Duchesne without a rebound.
8:43 of 1st period - Beau Bennett wins face-off versus Kevin Veilleux in Influenza zone.
9:17 of 1st period - Minor Penalty to Mark Olver for Hooking.
9:18 of 1st period - T.J Galiardi wins face-off versus Mike Zigomanis in Influenza zone.
9:28 of 1st period - Snap shot by Cody McLeod.
9:28 of 1st period - Goal by Cody McLeod - Rafales : 1 - Influenza : 0.
9:29 of 1st period - Charlie Coyle wins face-off versus Mike Zigomanis in neutral zone.
9:40 of 1st period - Wrist shot by T.J Galiardi.
9:40 of 1st period - Shot Misses the Net.
10:01 of 1st period - Matt Gilroy is hit by Paul Ladue and loses puck.
13:20 of 1st period - Snap shot by Jimmy Vesey.
13:20 of 1st period - Deflect By James Marcou.
13:20 of 1st period - Shot Misses the Net.
13:20 of 1st period - Puck is out of play.
13:21 of 1st period - Jake Guentzel wins face-off versus Mike Zigomanis in Rafales zone.
13:32 of 1st period - Calvin de Haan is hit by Cody McLeod and loses puck.
14:12 of 1st period - Slapshot by Mathieu Carle.
14:12 of 1st period - Stopped by Leland Irving with a rebound.
14:14 of 1st period - Wrist shot by Mark Olver.
14:14 of 1st period - Shot Misses the Net.
14:16 of 1st period - Snap shot by Anthony Mantha.
14:16 of 1st period - Deflect By Max Domi.
14:16 of 1st period - Stopped by Leland Irving with a rebound.
14:18 of 1st period - Wrist shot by Tim Erixon.
14:18 of 1st period - Shot Misses the Net.
14:20 of 1st period - Slapshot by Mark Olver.
14:20 of 1st period - Stopped by Leland Irving with a rebound.
14:27 of 1st period - Icing by Julian Melchiori.
14:28 of 1st period - Kevin Veilleux wins face-off versus Jordan Schroeder in Rafales zone.
15:40 of 1st period - Snap shot by Cody McLeod.
15:40 of 1st period - Stopped by Jeremy Duchesne without a rebound.
15:41 of 1st period - Mike Zigomanis wins face-off versus Jake Guentzel in Influenza zone.
15:46 of 1st period - Slapshot by Mike Zigomanis.
15:46 of 1st period - Goal by Mike Zigomanis - Rafales : 2 - Influenza : 0.
15:47 of 1st period - Charlie Coyle wins face-off versus Mike Zigomanis in neutral zone.
15:51 of 1st period - Mathieu Carle is hit by Bruno Gervais.
16:03 of 1st period - Slapshot by Mike Zigomanis.
16:03 of 1st period - Stopped by Jeremy Duchesne with a rebound.
16:17 of 1st period - Backhand shot by Brian Ferlin.
16:17 of 1st period - Stopped by Jeremy Duchesne without a rebound.
16:18 of 1st period - Jake Guentzel wins face-off versus Nathan Davis in Influenza zone.
17:06 of 1st period - Wrist shot by T.J Galiardi.
17:06 of 1st period - Stopped by Leland Irving with a rebound.
17:35 of 1st period - Slapshot by Johan Larsson.
17:35 of 1st period - Shot Blocked by Julian Melchiori.
18:05 of 1st period - James Marcou is hit by Calvin de Haan and loses puck.
19:16 of 1st period - Icing by Matt Gilroy.
19:17 of 1st period - Brian Ferlin wins face-off versus Charlie Coyle in Rafales zone.
19:30 of 1st period - Wrist shot by Cody McLeod.
19:30 of 1st period - Shot Blocked by Nikita Zadorov.
19:44 of 1st period - Wrist shot by Jimmy Vesey.
19:44 of 1st period - Shot Misses the Net.
19:46 of 1st period - Wrist shot by Nikita Zadorov.
19:46 of 1st period - Shot Blocked by Connor Murphy.
19:48 of 1st period - Snap shot by Jimmy Vesey.
19:48 of 1st period - Shot Misses the Net.
19:50 of 1st period - Wrist shot by Jimmy Vesey.
19:50 of 1st period - Shot Blocked by Carl Klingberg.
19:52 of 1st period - Snap shot by Jake Guentzel.
19:52 of 1st period - Stopped by Leland Irving with a rebound.
Goals for this period are 2 for Rafales vs 0 for Influenza.
Shots for this period are 8 for Rafales vs 8 for Influenza.
2nd period
0:01 of 2nd period - Charlie Coyle wins face-off versus Mike Zigomanis in neutral zone.
0:26 of 2nd period - Matt Gilroy is hit by Iiro Pakarinen and loses puck.
0:31 of 2nd period - Snap shot by Iiro Pakarinen.
0:31 of 2nd period - Stopped by Leland Irving with a rebound.
0:48 of 2nd period - Slapshot by Max Domi.
0:48 of 2nd period - Stopped by Leland Irving with a rebound.
0:50 of 2nd period - Wrist shot by Anthony Mantha.
0:50 of 2nd period - Stopped by Leland Irving with a rebound.
0:52 of 2nd period - Wrist shot by Anthony Mantha.
0:52 of 2nd period - Deflect By Mark Olver.
0:52 of 2nd period - Stopped by Leland Irving without a rebound.
0:53 of 2nd period - Mark Olver wins face-off versus Mike Zigomanis in Rafales zone.
0:54 of 2nd period - Wrist shot by Max Domi.
0:54 of 2nd period - Shot Misses the Net.
1:00 of 2nd period - Wrist shot by Cody McLeod.
1:00 of 2nd period - Stopped by Jeremy Duchesne with a rebound.
1:09 of 2nd period - Minor Penalty to Mike Zigomanis for Tripping.
1:10 of 2nd period - Beau Bennett wins face-off versus Chris Terry in Rafales zone.
1:15 of 2nd period - Snap shot by T.J Galiardi.
1:15 of 2nd period - Shot Misses the Net.
1:17 of 2nd period - Slapshot by Calvin de Haan.
1:17 of 2nd period - Shot Misses the Net.
1:19 of 2nd period - Snap shot by T.J Galiardi.
1:19 of 2nd period - Shot Misses the Net.
1:21 of 2nd period - Wrist shot by Beau Bennett.
1:21 of 2nd period - Shot Blocked by Bruno Gervais.
1:23 of 2nd period - Wrist shot by T.J Galiardi.
1:23 of 2nd period - Goal by T.J Galiardi - Rafales : 2 - Influenza : 1.
1:24 of 2nd period - Mike Zigomanis wins face-off versus Charlie Coyle in neutral zone.
1:26 of 2nd period - Minor Penalty to Matt Gilroy for Tripping.
1:27 of 2nd period - Mike Zigomanis wins face-off versus T.J Galiardi in Rafales zone.
1:34 of 2nd period - Off-side.
1:35 of 2nd period - Mike Zigomanis wins face-off versus Charlie Coyle in neutral zone.
1:48 of 2nd period - Wrist shot by Beau Bennett.
1:48 of 2nd period - Stopped by Leland Irving with a rebound.
1:50 of 2nd period - Wrist shot by Beau Bennett.
1:50 of 2nd period - Goal by Beau Bennett - Rafales : 2 - Influenza : 2.
1:51 of 2nd period - Mike Zigomanis wins face-off versus Charlie Coyle in neutral zone.
2:46 of 2nd period - Snap shot by Max Domi.
2:46 of 2nd period - Stopped by Leland Irving without a rebound.
2:47 of 2nd period - Charlie Coyle wins face-off versus Mike Zigomanis in Rafales zone.
2:53 of 2nd period - Double Minor Penalty to Milan Bartovic for Roughing.
2:54 of 2nd period - Charlie Coyle wins face-off versus Mike Zigomanis in Rafales zone.
3:29 of 2nd period - Snap shot by Calvin de Haan.
3:29 of 2nd period - Stopped by Leland Irving without a rebound.
3:30 of 2nd period - Michael Bournival wins face-off versus Charlie Coyle in Rafales zone.
3:37 of 2nd period - Paul Ladue is hit by Carl Klingberg and loses puck.
3:44 of 2nd period - Carl Klingberg is hit by Charlie Coyle and loses puck.
4:47 of 2nd period - Bruno Gervais is hit by Jimmy Vesey and loses puck.
5:56 of 2nd period - Cody McLeod is hit by Jordan Schroeder and loses puck.
6:19 of 2nd period - Dylan McIlrath is hit by Charlie Coyle and loses puck.
6:53 of 2nd period - Penalty to Milan Bartovic is over, Milan Bartovic is back on ice.
6:55 of 2nd period - Icing by Mark Fayne.
6:56 of 2nd period - Cedric Paquette wins face-off versus Jordan Schroeder in Rafales zone.
7:03 of 2nd period - Backhand shot by Milan Bartovic.
7:03 of 2nd period - Shot Misses the Net.
7:34 of 2nd period - Jake Guentzel is hit by Carl Klingberg and loses puck.
7:56 of 2nd period - Snap shot by Carl Klingberg.
7:56 of 2nd period - Stopped by Jeremy Duchesne with a rebound.
8:16 of 2nd period - Wrist shot by Michael Bournival.
8:16 of 2nd period - Shot Misses the Net.
8:18 of 2nd period - Snap shot by Matt Gilroy.
8:18 of 2nd period - Stopped by Jeremy Duchesne with a rebound.
8:20 of 2nd period - Wrist shot by Brian Ferlin.
8:20 of 2nd period - Stopped by Jeremy Duchesne without a rebound.
8:21 of 2nd period - Milan Bartovic wins face-off versus Mark Olver in Influenza zone.
8:24 of 2nd period - Wrist shot by Cody McLeod.
8:24 of 2nd period - Stopped by Jeremy Duchesne without a rebound.
8:25 of 2nd period - Mike Zigomanis wins face-off versus Anthony Mantha in Influenza zone.
8:30 of 2nd period - Wrist shot by Milan Bartovic.
8:30 of 2nd period - Shot Misses the Net.
8:32 of 2nd period - Wrist shot by Milan Bartovic.
8:32 of 2nd period - Stopped by Jeremy Duchesne without a rebound.
8:33 of 2nd period - Mike Zigomanis wins face-off versus Charlie Coyle in Influenza zone.
8:48 of 2nd period - Slapshot by T.J Galiardi.
8:48 of 2nd period - Stopped by Leland Irving without a rebound.
8:49 of 2nd period - Nathan Davis wins face-off versus Jake Guentzel in Rafales zone.
9:02 of 2nd period - Wrist shot by Michael Bournival.
9:02 of 2nd period - Shot Misses the Net.
9:04 of 2nd period - Snap shot by Michael Bournival.
9:04 of 2nd period - Stopped by Jeremy Duchesne without a rebound.
9:05 of 2nd period - Mike Zigomanis wins face-off versus Charlie Coyle in Influenza zone.
10:00 of 2nd period - Wrist shot by Carl Klingberg.
10:00 of 2nd period - Stopped by Jeremy Duchesne with a rebound.
10:02 of 2nd period - Slapshot by Mark Fayne.
10:02 of 2nd period - Shot Misses the Net.
10:11 of 2nd period - Minor Penalty to James Marcou for Holding.
10:12 of 2nd period - Charlie Coyle wins face-off versus Mike Zigomanis in Rafales zone.
10:16 of 2nd period - Snap shot by Charlie Coyle.
10:16 of 2nd period - Stopped by Leland Irving with a rebound.
10:18 of 2nd period - Snap shot by T.J Galiardi.
10:18 of 2nd period - Shot Misses the Net.
10:20 of 2nd period - Slapshot by Calvin de Haan.
10:20 of 2nd period - Shot Blocked by Matt Gilroy.
10:45 of 2nd period - Off-side.
10:46 of 2nd period - Charlie Coyle wins face-off versus Carl Klingberg in neutral zone.
11:18 of 2nd period - Backhand shot by Michael Bournival.
11:18 of 2nd period - Stopped by Jeremy Duchesne without a rebound.
11:19 of 2nd period - Charlie Coyle wins face-off versus Carl Klingberg in Influenza zone.
11:32 of 2nd period - Snap shot by Michael Bournival.
11:32 of 2nd period - Stopped by Jeremy Duchesne with a rebound.
11:44 of 2nd period - Matt Gilroy is hit by Iiro Pakarinen and loses puck.
12:11 of 2nd period - Penalty to James Marcou is over, James Marcou is back on ice.
13:20 of 2nd period - Snap shot by Beau Bennett.
13:20 of 2nd period - Stopped by Leland Irving with a rebound.
14:33 of 2nd period - Snap shot by Charlie Coyle.
14:33 of 2nd period - Stopped by Leland Irving without a rebound.
14:34 of 2nd period - Charlie Coyle wins face-off versus Nathan Davis in Rafales zone.
14:35 of 2nd period - Snap shot by T.J Galiardi.
14:35 of 2nd period - Stopped by Leland Irving without a rebound.
14:36 of 2nd period - Nathan Davis wins face-off versus Charlie Coyle in Rafales zone.
14:51 of 2nd period - Snap shot by Brian Ferlin.
14:51 of 2nd period - Stopped by Jeremy Duchesne with a rebound.
15:02 of 2nd period - Paul Ladue is hit by Bruno Gervais and loses puck.
15:08 of 2nd period - Minor Penalty to Milan Bartovic for Tripping.
15:09 of 2nd period - Mike Zigomanis wins face-off versus Charlie Coyle in Rafales zone.
15:21 of 2nd period - Slapshot by Mathieu Carle.
15:21 of 2nd period - Shot Misses the Net.
15:23 of 2nd period - Snap shot by T.J Galiardi.
15:23 of 2nd period - Stopped by Leland Irving without a rebound.
15:24 of 2nd period - Charlie Coyle wins face-off versus Mike Zigomanis in Rafales zone.
16:42 of 2nd period - Icing by Paul Ladue.
16:43 of 2nd period - Charlie Coyle wins face-off versus Mike Zigomanis in Influenza zone.
17:08 of 2nd period - Penalty to Milan Bartovic is over, Milan Bartovic is back on ice.
17:09 of 2nd period - Bruno Gervais is hit by T.J Galiardi and loses puck.
17:19 of 2nd period - Off-side.
17:20 of 2nd period - Cedric Paquette wins face-off versus Jordan Schroeder in neutral zone.
17:33 of 2nd period - Slapshot by James Marcou.
17:33 of 2nd period - Shot Misses the Net.
18:36 of 2nd period - Snap shot by Tim Crowder.
18:36 of 2nd period - Shot Misses the Net.
18:54 of 2nd period - Slapshot by Jimmy Vesey.
18:54 of 2nd period - Shot Blocked by Bruno Gervais.
18:56 of 2nd period - Slapshot by Mathieu Carle.
18:56 of 2nd period - Stopped by Leland Irving with a rebound.
18:58 of 2nd period - Snap shot by Iiro Pakarinen.
18:58 of 2nd period - Stopped by Leland Irving with a rebound.
19:12 of 2nd period - Slapshot by Mike Zigomanis.
19:12 of 2nd period - Stopped by Jeremy Duchesne with a rebound.
19:14 of 2nd period - Slapshot by Bruno Gervais.
19:14 of 2nd period - Shot Misses the Net.
19:16 of 2nd period - Wrist shot by James Marcou.
19:16 of 2nd period - Stopped by Jeremy Duchesne with a rebound.
19:18 of 2nd period - Wrist shot by Chris Terry.
19:18 of 2nd period - Deflect By Cedric Paquette.
19:18 of 2nd period - Shot Misses the Net.
19:18 of 2nd period - Puck is out of play.
19:19 of 2nd period - Jake Guentzel wins face-off versus Nathan Davis in Influenza zone.
19:25 of 2nd period - Icing by Tim Erixon.
19:26 of 2nd period - Nathan Davis wins face-off versus Jake Guentzel in Influenza zone.
19:28 of 2nd period - Minor Penalty to Michael Bournival for Hooking.
19:29 of 2nd period - Mike Zigomanis wins face-off versus Charlie Coyle in Rafales zone.
19:43 of 2nd period - Snap shot by T.J Galiardi.
19:43 of 2nd period - Shot Misses the Net.
19:45 of 2nd period - Slapshot by Calvin de Haan.
19:45 of 2nd period - Stopped by Leland Irving without a rebound.
19:46 of 2nd period - Mike Zigomanis wins face-off versus Mark Olver in Rafales zone.
19:54 of 2nd period - Off-side.
19:55 of 2nd period - Cody McLeod wins face-off versus Mark Olver in neutral zone.
19:58 of 2nd period - Snap shot by Matt Gilroy.
19:58 of 2nd period - Stopped by Jeremy Duchesne without a rebound.
19:59 of 2nd period - Charlie Coyle wins face-off versus Mike Zigomanis in Influenza zone.
Goals for this period are 0 for Rafales vs 2 for Influenza.
Shots for this period are 14 for Rafales vs 18 for Influenza.
3rd period
0:01 of 3rd period - Mike Zigomanis wins face-off versus Charlie Coyle in neutral zone.
0:12 of 3rd period - Wrist shot by Mike Zigomanis.
0:12 of 3rd period - Stopped by Jeremy Duchesne without a rebound.
0:13 of 3rd period - Mike Zigomanis wins face-off versus Charlie Coyle in Influenza zone.
0:22 of 3rd period - Snap shot by T.J Galiardi.
0:22 of 3rd period - Shot Misses the Net.
0:24 of 3rd period - Wrist shot by Mathieu Carle.
0:24 of 3rd period - Shot Misses the Net.
1:08 of 3rd period - Connor Murphy is hit by Paul Ladue and loses puck.
1:28 of 3rd period - Penalty to Michael Bournival is over, Michael Bournival is back on ice.
1:35 of 3rd period - Connor Murphy is hit by Jordan Schroeder and loses puck.
1:48 of 3rd period - Slapshot by Carl Klingberg.
1:48 of 3rd period - Stopped by Jeremy Duchesne without a rebound.
1:49 of 3rd period - Cody McLeod wins face-off versus Mark Olver in Influenza zone.
1:50 of 3rd period - Snap shot by Mike Zigomanis.
1:50 of 3rd period - Shot Blocked by Calvin de Haan.
1:52 of 3rd period - Snap shot by Mike Zigomanis.
1:52 of 3rd period - Shot Misses the Net.
1:54 of 3rd period - Slapshot by Julian Melchiori.
1:54 of 3rd period - Stopped by Jeremy Duchesne without a rebound.
1:55 of 3rd period - Mike Zigomanis wins face-off versus Mark Olver in Influenza zone.
2:04 of 3rd period - Slapshot by Cody McLeod.
2:04 of 3rd period - Deflect By Mathieu Carle.
2:04 of 3rd period - Stopped by Jeremy Duchesne with a rebound.
2:20 of 3rd period - Snap shot by Michael Bournival.
2:20 of 3rd period - Deflect By Brian Ferlin.
2:20 of 3rd period - Stopped by Jeremy Duchesne with a rebound.
2:22 of 3rd period - Slapshot by Julian Melchiori.
2:22 of 3rd period - Deflect By Calvin de Haan.
2:22 of 3rd period - Stopped by Jeremy Duchesne without a rebound.
2:23 of 3rd period - Charlie Coyle wins face-off versus Nathan Davis in Influenza zone.
2:23 of 3rd period - Charlie Coyle is hit by Matt Gilroy.
2:26 of 3rd period - Minor Penalty to Beau Bennett for Holding.
2:27 of 3rd period - Mike Zigomanis wins face-off versus T.J Galiardi in Influenza zone.
4:20 of 3rd period - Max Domi is hit by Matt Gilroy and loses puck.
4:26 of 3rd period - Penalty to Beau Bennett is over, Beau Bennett is back on ice.
5:20 of 3rd period - Bruno Gervais is hit by Mark Olver and loses puck.
5:24 of 3rd period - Icing by Bruno Gervais.
5:25 of 3rd period - Kevin Veilleux wins face-off versus Jake Guentzel in Rafales zone.
5:25 of 3rd period - Kevin Veilleux is hit by Jimmy Vesey.
5:26 of 3rd period - Kevin Veilleux from Rafales is injured at 5:26 of 3rd period (Sprained Right Finger).
5:27 of 3rd period - T.J Galiardi wins face-off versus Mike Zigomanis in Rafales zone.
6:08 of 3rd period - Minor Penalty to Paul Ladue for Interference.
6:09 of 3rd period - T.J Galiardi wins face-off versus Mike Zigomanis in Influenza zone.
8:08 of 3rd period - Penalty to Paul Ladue is over, Paul Ladue is back on ice.
8:20 of 3rd period - Tim Crowder is hit by Jake Guentzel and loses puck.
8:43 of 3rd period - Bruno Gervais is hit by Paul Ladue and loses puck.
9:50 of 3rd period - Snap shot by T.J Galiardi.
9:50 of 3rd period - Shot Misses the Net.
10:04 of 3rd period - Connor Murphy is hit by Jimmy Vesey and loses puck.
10:44 of 3rd period - Snap shot by T.J Galiardi.
10:44 of 3rd period - Shot Hit the Post.
10:46 of 3rd period - Snap shot by Charlie Coyle.
10:46 of 3rd period - Shot Misses the Net.
11:08 of 3rd period - Nathan Davis is hit by Calvin de Haan and loses puck.
11:21 of 3rd period - Cedric Paquette is hit by Max Domi and loses puck.
11:34 of 3rd period - Matt Gilroy is hit by Beau Bennett.
11:57 of 3rd period - Mark Fayne is hit by Nikita Zadorov and loses puck.
12:12 of 3rd period - Connor Murphy is hit by Calvin de Haan and loses puck.
12:56 of 3rd period - Minor Penalty to Mathieu Carle for Interference.
12:57 of 3rd period - Milan Bartovic wins face-off versus T.J Galiardi in Influenza zone.
12:58 of 3rd period - Snap shot by Cody McLeod.
12:58 of 3rd period - Shot Misses the Net.
13:29 of 3rd period - Snap shot by Nathan Davis.
13:29 of 3rd period - Stopped by Jeremy Duchesne with a rebound.
13:31 of 3rd period - Slapshot by Matt Gilroy.
13:31 of 3rd period - Shot Blocked by Calvin de Haan.
13:33 of 3rd period - Slapshot by Bruno Gervais.
13:33 of 3rd period - Stopped by Jeremy Duchesne with a rebound.
14:48 of 3rd period - T.J Galiardi is hit by Matt Gilroy and loses puck.
14:56 of 3rd period - Penalty to Mathieu Carle is over, Mathieu Carle is back on ice.
15:13 of 3rd period - Snap shot by Brian Ferlin.
15:13 of 3rd period - Shot Blocked by Calvin de Haan.
15:15 of 3rd period - Slapshot by Dylan McIlrath.
15:15 of 3rd period - Deflect By Nathan Davis.
15:15 of 3rd period - Shot Blocked by Calvin de Haan.
15:15 of 3rd period - Puck is out of play.
15:16 of 3rd period - Chris Terry wins face-off versus Jake Guentzel in Influenza zone.
15:17 of 3rd period - Wrist shot by Carl Klingberg.
15:17 of 3rd period - Stopped by Jeremy Duchesne with a rebound.
15:28 of 3rd period - Chris Terry is hit by Jimmy Vesey and loses puck.
16:01 of 3rd period - Mike Zigomanis is hit by Anthony Mantha and loses puck.
16:08 of 3rd period - Snap shot by Mark Olver.
16:08 of 3rd period - Shot Blocked by Mark Fayne.
16:10 of 3rd period - Slapshot by Anthony Mantha.
16:10 of 3rd period - Shot Misses the Net.
16:12 of 3rd period - Snap shot by Mark Olver.
16:12 of 3rd period - Shot Misses the Net.
16:14 of 3rd period - Snap shot by Mark Olver.
16:14 of 3rd period - Shot Misses the Net.
16:44 of 3rd period - Tim Crowder is hit by Iiro Pakarinen and loses puck.
16:49 of 3rd period - Wrist shot by Jake Guentzel.
16:49 of 3rd period - Deflect By Iiro Pakarinen.
16:49 of 3rd period - Shot Misses the Net.
16:49 of 3rd period - Puck is out of play.
16:50 of 3rd period - Mark Olver wins face-off versus Chris Terry in Rafales zone.
17:17 of 3rd period - Mathieu Carle is hit by Brian Ferlin.
17:45 of 3rd period - Michael Bournival is hit by Iiro Pakarinen and loses puck.
18:09 of 3rd period - Nikita Zadorov is hit by Mike Zigomanis.
19:39 of 3rd period - Off-side.
19:40 of 3rd period - Jordan Schroeder wins face-off versus Mike Zigomanis in neutral zone.
19:45 of 3rd period - Wrist shot by Beau Bennett.
19:45 of 3rd period - Shot Misses the Net.
19:47 of 3rd period - Slapshot by Beau Bennett.
19:47 of 3rd period - Goal by Beau Bennett - Rafales : 2 - Influenza : 3.
19:48 of 3rd period - Mike Zigomanis wins face-off versus Charlie Coyle in neutral zone.
19:53 of 3rd period - Rafales, Leland Irving is pulled from the net.
19:55 of 3rd period - Snap shot by Cody McLeod.
19:55 of 3rd period - Stopped by Jeremy Duchesne without a rebound.
19:56 of 3rd period - Paul MacLean call a timeout for Rafales.
19:56 of 3rd period - Charlie Coyle wins face-off versus Mike Zigomanis in Influenza zone.
Goals for this period are 0 for Rafales vs 1 for Influenza.
Shots for this period are 10 for Rafales vs 1 for Influenza.
Back to the Top